1811 views
Uploaded 2023-08-16 09:39:22
Game version 1.36 (6115)
19:43 long 1on1 ladder game on (2)TerenasStand_LV
Saved by GIGA
1811 views
Uploaded 2023-08-16 09:39:22
Game version 1.36 (6115)
19:43 long 1on1 ladder game on (2)TerenasStand_LV

26 units @ 4.5k
/ 0.5k
22 buildings @ 3k
/ 1.3k


| Healing Salve | 6 | 600 |
| Lesser Clarity Potion | 4 | 280 |
| Potion of Mana | 3 | 600 |
| Potion of Healing | 2 | 300 |
| total: | 15 | 1780g |
| Peon | 7 | 525 | / | 0 |
| Grunt | 10 | 2000 | / | 0 |
| Demolisher | 9 | 1980 | / | 450 |
| total: | 26 | 4505g | / | 450w |
| Watch Tower | 11 | 1210 | / | 880 |
| Altar of Storms | 1 | 180 | / | 50 |
| Orc Burrow | 5 | 800 | / | 200 |
| Barracks | 2 | 360 | / | 100 |
| Voodoo Lounge | 2 | 260 | / | 60 |
| War Mill | 1 | 205 | / | 0 |
| Stronghold | 2 | 630 | / | 380 |
| total: | 22 | 3015g | / | 1290w |
| 0:02 | Peon |
| 0:02 | Peon |
| 0:06 | Altar of Storms |
| 0:09 | Orc Burrow |
| 0:20 | Peon |
| 0:37 | Barracks |
| 0:50 | Peon |
| 1:14 | Peon |
| 1:15 | Peon |
| 1:38 | Grunt |
| 1:42 | Peon |
| 2:14 | Stronghold |
| 2:23 | Orc Burrow |
| 2:26 | Wind Walk |
| 2:56 | Voodoo Lounge |
| 3:14 | Grunt |
| 3:14 | Grunt |
| 3:19 | Orc Burrow |
| 4:03 | Grunt |
| 4:42 | War Mill |
| 5:02 | Healing Salve |
| 5:07 | Grunt |
| 5:30 | Grunt |
| 5:39 | Summon Lava Spawn |
| 6:29 | Grunt |
| 6:29 | Grunt |
| 6:42 | Watch Tower |
| 6:43 | Watch Tower |
| 6:44 | Watch Tower |
| 7:30 | Critical Strike |
| 7:45 | Watch Tower |
| 7:45 | Watch Tower |
| 8:08 | Grunt |
| 8:08 | Grunt |
| 8:10 | Watch Tower |
| 8:29 | Voodoo Lounge |
| 8:38 | Demolisher |
| 8:43 | Orc Burrow |
| 8:48 | Watch Tower |
| 9:15 | Watch Tower |
| 9:48 | Healing Salve |
| 9:48 | Healing Salve |
| 9:54 | Lesser Clarity Potion |
| 9:56 | Potion of Mana |
| 10:02 | Watch Tower |
| 11:09 | Potion of Healing |
| 11:09 | Potion of Mana |
| 11:28 | Lesser Clarity Potion |
| 12:26 | Lesser Clarity Potion |
| 12:29 | Healing Salve |
| 12:29 | Lesser Clarity Potion |
| 12:44 | Demolisher |
| 12:44 | Demolisher |
| 12:44 | Demolisher |
| 13:13 | Healing Salve |
| 13:23 | Demolisher |
| 13:28 | Potion of Mana |
| 13:32 | Potion of Healing |
| 14:05 | Barracks |
| 14:09 | Watch Tower |
| 14:31 | Healing Salve |
| 14:52 | Demolisher |
| 14:59 | Steel Ranged Weapons |
| 16:02 | Soul Burn |
| 16:13 | Demolisher |
| 16:13 | Demolisher |
| 16:16 | Orc Burrow |
| 16:18 | Watch Tower |
| 16:41 | Wind Walk |
| 17:26 | Demolisher |
| 19:26 | Critical Strike |
| Right click | 1385 |
| Select | 351 |
| Select group | 175 |
| Build/train/purchase | 92 |
| Assign group | 26 |
| Use ability | 25 |
| Misc. action | 16 |
| Esc | 6 |
| Item give/drop | 2 |
| Remove unit | 1 |
21 units @ 3k
/ 0.4k
12 buildings @ 1.9k
/ 0.6k


| Healing Salve | 5 | 500 |
| Lesser Clarity Potion | 7 | 490 |
| Potion of Healing | 4 | 600 |
| Potion of Mana | 3 | 600 |
| Orb of Lightning | 1 | 375 |
| Scroll of Town Portal | 2 | 700 |
| Potion of Lesser Invulnerability | 2 | 300 |
| total: | 24 | 3565g |
| Peon | 7 | 525 | / | 0 |
| Grunt | 2 | 400 | / | 0 |
| Troll Headhunter | 7 | 980 | / | 140 |
| Demolisher | 5 | 1100 | / | 250 |
| total: | 21 | 3005g | / | 390w |
| Watch Tower | 3 | 330 | / | 240 |
| Altar of Storms | 1 | 180 | / | 50 |
| Orc Burrow | 3 | 480 | / | 120 |
| Barracks | 3 | 540 | / | 150 |
| Voodoo Lounge | 1 | 130 | / | 30 |
| War Mill | 1 | 205 | / | 0 |
| Stronghold | 1 | 315 | / | 190 |
| Fortress | 1 | 325 | / | 190 |
| total: | 12 | 1865g | / | 590w |
| 0:02 | Peon |
| 0:02 | Peon |
| 0:05 | Altar of Storms |
| 0:12 | Orc Burrow |
| 0:30 | Barracks |
| 0:42 | Peon |
| 0:56 | Peon |
| 1:06 | Peon |
| 1:15 | Voodoo Lounge |
| 1:33 | Grunt |
| 1:47 | Peon |
| 2:09 | Grunt |
| 2:14 | Wind Walk |
| 2:22 | War Mill |
| 3:11 | Stronghold |
| 3:24 | Critical Strike |
| 3:34 | Orc Burrow |
| 5:10 | Troll Headhunter |
| 5:10 | Troll Headhunter |
| 5:14 | Watch Tower |
| 5:37 | Orc Burrow |
| 5:45 | Healing Salve |
| 5:45 | Lesser Clarity Potion |
| 5:46 | Lesser Clarity Potion |
| 6:15 | Potion of Healing |
| 6:17 | Lesser Clarity Potion |
| 6:17 | Potion of Mana |
| 6:23 | Troll Headhunter |
| 6:23 | Troll Headhunter |
| 6:27 | Healing Salve |
| 6:33 | Hex |
| 6:59 | Watch Tower |
| 7:27 | Potion of Healing |
| 7:27 | Potion of Mana |
| 7:51 | Troll Headhunter |
| 7:51 | Troll Headhunter |
| 8:28 | Healing Salve |
| 8:30 | Lesser Clarity Potion |
| 8:37 | Reinforced Defenses |
| 8:48 | Demolisher |
| 9:11 | Healing Salve |
| 9:11 | Potion of Healing |
| 9:14 | Lesser Clarity Potion |
| 9:21 | Scroll of Town Portal |
| 9:48 | Demolisher |
| 10:24 | Scroll of Town Portal |
| 11:07 | Potion of Lesser Invulnerability |
| 11:25 | Demolisher |
| 11:42 | Barracks |
| 11:43 | Barracks |
| 12:15 | Critical Strike |
| 12:41 | Peon |
| 13:11 | Healing Wave |
| 13:14 | Demolisher |
| 13:29 | Watch Tower |
| 14:03 | Troll Headhunter |
| 14:07 | Lesser Clarity Potion |
| 14:48 | Fortress |
| 15:02 | Lesser Clarity Potion |
| 15:36 | Demolisher |
| 16:41 | Potion of Lesser Invulnerability |
| 17:16 | Potion of Healing |
| 17:16 | Healing Salve |
| 17:17 | Orb of Lightning |
| 17:28 | Potion of Mana |
| Right click | 1334 |
| Select | 385 |
| Build/train/purchase | 118 |
| Use ability | 33 |
| Misc. action | 19 |
| Assign group | 8 |
| Select group | 4 |
| Esc | 2 |
| Minimap ping | 1 |